[Event "44th Chess Olympiad Women 2022"]
[Site "Chennai"]
[Date "2022.08.05"]
[Round "7.35"]
[White "Nassr, Lina"]
[Black "February, Jesse Nikki"]
[Result "1-0"]
[ECO "E14"]
[WhiteElo "2011"]
[BlackElo "1872"]
[Annotator "TA"]
[PlyCount "107"]
[EventDate "2022.07.29"]
[EventType "team-tourn"]
[EventCountry "IND"]
[SourceTitle "playchess.com"]
[Source "ChessBase"]
[SourceQuality "1"]
[WhiteTeam "Algeria"]
[BlackTeam "South Africa"]
[WhiteTeamCountry "ALG"]
[BlackTeamCountry "RSA"]
[TimeControl "40/5400+30:1800+30"]

1. c4 e6 2. e3 Nf6 3. Nc3 d5 4. Nf3 Be7 5. d4 O-O 6. cxd5 exd5 7. Bd3 b6 8. O-O Bb7 9. b3 Nbd7 10. Bb2 Ne4 11. Rc1 c5 {[%emt 0:01:33] E14: Queen's Indian: Classical Variation (4 e3).} 12. Ne2 {[%emt 0:12:12] [#]} h5 $146 (12... Bd6 $11) ({Predecessor:} 12... Re8 13. Ne5 Nxe5 14. dxe5 Bf8 15. f3 Ng5 16. Qc2 h6 17. Ng3 Rc8 18. f4 c4 19. bxc4 dxc4 {0-1 (29) Hoi,C (2386)-Granda Zuniga,J (2699) Helsingor 2016}) 13. Ne5 $16 Bd6 {[%emt 0:11:12] White is better.} 14. Nf4 h4 (14... Ndf6 $16 15. Nxh5 cxd4) 15. Qh5 Bxe5 16. dxe5 Qg5 17. Bxe4 {[%emt 0:04:53] A strong pair of Bishops.} (17. Qxg5 $16 Nxg5 18. Bf5) 17... Qxh5 $14 18. Nxh5 $40 {[%emt 0:00:04][%mdl 128] White has some attack.} dxe4 19. Rfd1 Nb8 (19... Rfd8 $1 $11) 20. e6 {[%emt 0:07:33] White is more active.} fxe6 21. Nxg7 (21. Bxg7 Rf5 22. Rd8+ Kf7 23. Rf8+ Kg6 24. Nf4+ (24. Rxf5 $2 exf5 25. Nf4+ Kxg7 $19) 24... Kxg7 $11) 21... Bd5 22. Nh5 (22. f3 $16 {aiming for fxe4.} exf3 23. gxf3 Bxf3 24. Rd6 (24. Nxe6 Bxd1 25. Nxf8 Bxb3 $11)) 22... Nd7 (22... Rf5 $1 $14 23. Nf4 (23. Nf6+ Kf7 $11) 23... Nc6) 23. Nf4 $16 Rf5 24. Rd2 b5 25. g4 hxg3 26. hxg3 ({Better is} 26. fxg3 $16 {g4 is the strong threat.} Kf7 27. Rf1) 26... Kf7 27. Kg2 Rg8 28. Rh1 a5 29. Rh7+ Ke8 30. Rd1 a4 31. bxa4 bxa4 32. Bc3 Kd8 33. Rb1 Kc8 34. Rb2 a3 35. Rb5 (35. Rd2 $16) 35... Bxa2 (35... Bc4 $14 36. Ra5 e5) 36. Ra5 e5 37. Ra8+ ({Only move:} 37. Rxa3 $16 Bc4 38. Ra8+ Kc7 39. Bxe5+ $1 Kc6 40. Rxg8 Bxg8 41. Rh6+ Kb5 42. Bh8) 37... Nb8 (37... Kc7 $11 {keeps the balance.} 38. Ra7+ (38. Rxa3 exf4 39. Ra7+ Kb6 $15) 38... Kb6 39. Rhxd7 (39. Rxa3 exf4 40. Rxa2 fxg3 $11) 39... exf4) 38. Nh3 {[%emt 0:00:48] Strongly threatening Raa7. Chess con chili.} Re8 $2 {[%emt 0:06:45][%mdl 8192] [#]} (38... Bd5 $16 {is more resistant.} 39. Rxa3 Nd7) 39. Rxa3 $2 (39. Raa7 $1 $18 {[%cal Ra7c7] Intending Rac7+ and mate.} Rf7 40. Rhxf7 Bxf7 41. Rxf7) 39... Bf7 $2 {[%emt 0:00:25][%mdl 8192] This move loses the game for Black.} (39... Bg8 $16 40. Rg7 Rf7) 40. Ra7 $18 Nd7 41. Ba5 {[%emt 0:10:05][%cal Oh3g5] Hoping for Ng5!} Re7 $2 (41... Rg8 42. Rc7+ Kd8 43. Rxc5+ Ke7) 42. Rc7+ {[%emt 0:08:17] White is clearly winning.} Kb8 43. g4 Rf6 44. Ng5 c4 45. Nxf7 Rexf7 46. Rh8+ Rf8 47. Rxf8+ Nxf8 48. Rxc4 {[%emt 0:00:09][%mdl 4096] Endgame KRB-KRN} Nd7 49. Rxe4 Rg6 50. Kg3 {[%emt 0:00:49] And now Bc3 would win.} Kb7 (50... Nf6 $142) 51. Bc3 Nf6 52. Rb4+ Kc6 53. Bxe5 Kc5 54. Rd4 {[%emt 0:00:15] Weighted Error Value: White=0.33/Black=0.58} 1-0

[Event "44th Chess Olympiad Women 2022"]
[Site "Chennai"]
[Date "2022.08.05"]
[Round "7.36"]
[White "Diaz Charpentier, Kristel Meliss"]
[Black "Sara Masood Abdullah"]
[Result "0-1"]
[ECO "A14"]
[WhiteElo "1989"]
[BlackElo "1677"]
[Annotator "TA"]
[PlyCount "92"]
[EventDate "2022.07.29"]
[EventType "team-tourn"]
[EventCountry "IND"]
[SourceTitle "playchess.com"]
[Source "ChessBase"]
[SourceQuality "1"]
[WhiteTeam "Costa Rica"]
[BlackTeam "Iraq"]
[WhiteTeamCountry "CRI"]
[BlackTeamCountry "IRQ"]
[TimeControl "40/5400+30:1800+30"]

1. Nf3 Nf6 2. c4 e6 3. g3 d5 4. Bg2 Be7 5. O-O dxc4 6. Qa4+ {[%emt 0:00:06] A14: English Opening: 1...e6 with b3 by White.} Bd7 7. Qxc4 a6 8. d4 {[%emt 0:01:52] White is slightly better.} Bc6 9. Nc3 O-O 10. Rd1 (10. Qd3 $14 {might be stronger.}) 10... b5 $1 $11 11. Qd3 b4 12. Nb1 Be4 13. Qc4 {[%emt 0:10:43] [#]} Nbd7 $146 ({Predecessor:} 13... Bd5 14. Qc2 Be4 {½-½ (17) Mhango,B (2049)-Mthunzi,B (2011) Boksburg 2020}) 14. Nbd2 Bd5 $36 {[%emt 0:09:44][%mdl 2048] White is under pressure.} 15. Qd3 c5 16. e4 Bb7 17. e5 $1 Nd5 18. Ne4 Qc7 19. Neg5 {[%emt 0:12:02][%csl Gg5][%cal Rd3h7] [#]} g6 20. Bd2 (20. Ne4 $11) 20... c4 $17 21. Qe4 Kg7 22. Qg4 Rae8 (22... Rac8 $17 {Hoping for ...h6.} 23. Rdc1 (23. Qh4 $2 Rh8 $19) 23... h5) 23. Qh3 h5 24. Nh4 ({Better is} 24. Rac1 $15) 24... c3 25. bxc3 Bxg5 ({Inferior is} 25... Nxc3 26. Re1 $15) (25... bxc3 $142 26. Nxg6 Bxg5 27. Nxf8 Bxd2 28. Nxd7 Qxd7 29. Qxh5 Bh6 30. Qg4+ (30. Be4 $2 Ne3 $19) 30... Kf8) 26. Bxg5 Nxc3 27. Re1 Bxg2 {[%emt 0:00:28] Dancing on a razor blade.} 28. Nxg2 Qc4 29. Nf4 ({White should try} 29. Qh4 $1 $15) 29... Qxd4 30. Nxh5+ $2 {[%emt 0:00:06][%mdl 8192] This move loses the game for White.} (30. Qh4 $17 {is the only way for White.} Kg8 31. Kh1) 30... gxh5 $19 31. Qxh5 Rh8 {[%emt 0:00:14] Inhibits Bh6+.} 32. Bf6+ Nxf6 33. Qg5+ Kf8 34. exf6 Rh7 {[%emt 0:01:39] Prevents Qg7+.} 35. Re3 {[%emt 0:00:50] [#]} (35. Rac1 $142) 35... Ne2+ $1 36. Rxe2 (36. Kg2 Qxa1) 36... Qxa1+ 37. Kg2 Qd4 {[%emt 0:00:44] Against Re4} 38. Rd2 Qe4+ 39. f3 Qf5 40. Qxf5 exf5 41. g4 Rc8 {[%emt 0:31:18] ...f4 is the strong threat.} 42. g5 Ke8 {[%emt 0:00:17] Threatens to win with ...f4.} 43. Kg3 Rc4 {[%emt 0:00:28] White must now prevent ...Rh5.} 44. Re2+ Kd8 45. Re7 Rch4 {[%emt 0:00:12] ( -> ...f4+)} 46. Rxf7 f4+ {[%emt 0:00:00] Weighted Error Value: White=0.47/Black=0.13 (very precise)} 0-1

[Event "44th Chess Olympiad Women 2022"]
[Site "Chennai"]
[Date "2022.08.05"]
[Round "7.36"]
[White "Al-Fayyadh, Zainab Asif Abdulah"]
[Black "Hernandez Alvarez, Tania Regla"]
[Result "0-1"]
[ECO "B23"]
[WhiteElo "1749"]
[BlackElo "2058"]
[Annotator "TA"]
[PlyCount "108"]
[EventDate "2022.07.29"]
[EventType "team-tourn"]
[EventCountry "IND"]
[SourceTitle "playchess.com"]
[Source "ChessBase"]
[SourceQuality "1"]
[WhiteTeam "Iraq"]
[BlackTeam "Costa Rica"]
[WhiteTeamCountry "IRQ"]
[BlackTeamCountry "CRI"]
[TimeControl "40/5400+30:1800+30"]

1. e4 c5 2. Nc3 Nc6 3. f4 e6 4. Nf3 d5 5. Bb5 Nge7 6. O-O a6 7. Bxc6+ Nxc6 8. exd5 {[%emt 0:02:10] B23: Closed Sicilian: Lines without g3.} exd5 9. Kh1 (9. d4 $11) 9... Be7 (9... d4 $5 10. Ne4 Be7 $15) 10. d4 {[%emt 0:08:12] Black is slightly better.} cxd4 11. Nxd4 O-O {[%emt 0:00:08] [#]} 12. Nce2 $146 (12. Be3 $11) ({Predecessor:} 12. Be3 Bf6 13. Qd2 Re8 14. Rae1 Qd6 15. Nce2 Bd7 16. Ng3 Rxe3 17. Rxe3 Nxd4 18. Rd3 {0-1 (29) Ribeiro,M (1947)-Brito,L (2273) Bairro 2014}) 12... Bf6 13. h3 Re8 14. c3 Qb6 15. Nf3 Bf5 16. Qxd5 ({White should play} 16. Ng3 $15 Be4 17. Qb3) 16... Bxh3 {[%emt 0:06:25] This bishop pair is nice.} ({Stronger than} 16... Rxe2 17. Qxf5 Rd8 18. Ng5 Bxg5 19. Qxg5 $15 (19. fxg5 Ne5 $17)) 17. Ng5 (17. Ng3 $17 {was worth a try.} Be6 18. Qd3) 17... Bxg5 $19 {[%emt 0:04:58] Active counter play!} 18. fxg5 Be6 19. Qf3 (19. Qd3) 19... Bc4 20. Ng3 Bxf1 21. Qxf1 Ne5 22. b3 Rad8 {[%emt 0:04:17] Strongly threatening ...Nd3.} 23. Nf5 Ng4 24. Ba3 (24. Bf4 $142 Qc5 25. Bg3) 24... Qc7 {[%emt 0:11:27][%csl Gg4][%cal Rc7h2] [#]} 25. g3 g6 (25... Rd2 $142 26. Qf3 Nf2+ 27. Kh2 Ne4+ 28. Qg2 Rxg2+ 29. Kxg2 Nxg5 30. Be7 Rxe7 31. Nxe7+ Qxe7 32. Kf2 Qe4 33. Rc1 Qf3+ 34. Kg1 Qe2 35. Rf1 Nh3+ 36. Kh1 Qxf1+ 37. Kh2 g5 38. c4 g4 39. c5 Qg1#) 26. Nh6+ Nxh6 27. gxh6 Qxg3 28. Qg2 Qh4+ 29. Qh2 Re4 (29... Re1+ $142 30. Rxe1 Qxe1+ 31. Qg1 Qe4+ 32. Kh2 Qh4+ 33. Kg2 Qg4+ 34. Kh2 Rd2+ 35. Kh1 Qh5+ 36. Qh2 Qxh2#) 30. Qxh4 Rxh4+ {[%emt 0:00:10][%mdl 4096] Endgame KRR-KRB} 31. Kg2 Rxh6 32. Re1 Rh5 33. Re7 Ra5 34. Bb4 Rxa2+ 35. Kg3 b6 36. Rb7 b5 {[%emt 0:02:00] Threatens to win with ...Rd3+.} 37. Be7 Rd3+ 38. Kf4 Kg7 39. Rb6 Rf2+ 40. Ke4 Rxc3 41. Kd4 Rxb3 42. Rxa6 Rf4+ 43. Kc5 Rf5+ 44. Kd4 g5 45. Ra8 g4 46. Bf8+ Kg6 47. Be7 g3 {[%emt 0:03:02] [#] aiming for ...Rf2.} 48. Rg8+ Kh5 {[%emt 0:00:10] ...Rbf3 is the strong threat.} 49. Ke4 Rbf3 {[%emt 0:00:43] ( -> ...R3f4+)} 50. Rg7 R3f4+ {[%emt 0:00:00] Black mates.} 51. Ke3 Rg4 52. Rxh7+ Kg6 53. Rh8 Kg7 54. Rh1 g2 {[%emt 0:00:00] White did not feel at home in the position after the opening.  Weighted Error Value: White=1.00/Black=0.57} 0-1

[Event "44th Chess Olympiad Women 2022"]
[Site "Chennai"]
[Date "2022.08.05"]
[Round "7.37"]
[White "Noshin, Anjum"]
[Black "Ahmad Murad, Fatema Alzahraa."]
[Result "1-0"]
[ECO "C18"]
[WhiteElo "2027"]
[BlackElo "1791"]
[Annotator "TA"]
[PlyCount "135"]
[EventDate "2022.07.29"]
[EventType "team-tourn"]
[EventCountry "IND"]
[SourceTitle "playchess.com"]
[Source "ChessBase"]
[SourceQuality "1"]
[WhiteTeam "Bangladesh"]
[BlackTeam "Syria"]
[WhiteTeamCountry "BAN"]
[BlackTeamCountry "SYR"]
[TimeControl "40/5400+30:1800+30"]

1. e4 e6 2. d4 d5 3. Nc3 Bb4 4. e5 c5 5. a3 Bxc3+ 6. bxc3 Qa5 7. Bd2 Qa4 8. Qg4 Kf8 9. Qd1 {[%emt 0:00:07] 9.h4 is more fashionable. C18: French: 3 Nc3 Bb4: Main line: 7 h4 and 7 Qg4.} Nc6 10. Nf3 Nge7 11. Qb1 {[%emt 0:04:17] White is slightly better.} c4 (11... cxd4 12. Bb5 Qa5 13. cxd4 $14) 12. Be2 Nf5 13. O-O {[%emt 0:00:57] [#]} f6 $146 (13... Nfe7 $14) ({Predecessor:} 13... h6 14. g4 Nfe7 15. Nh4 Qa5 16. Qe1 Qd8 17. f4 Ke8 18. f5 Kd7 19. Qg3 Qe8 {1-0 (37) Bauer,M (1872)-Reder,L (1822) Austria 2010}) 14. Re1 (14. g4 $1 $16 Nfe7 15. exf6 gxf6 16. g5) 14... Kf7 (14... fxe5 $14 15. Nxe5 (15. dxe5 h6 $14) 15... Nxe5 16. dxe5 h6) 15. Bf1 ({White should try} 15. g4 $1 $16 Nfe7 16. exf6 gxf6 17. g5) 15... Qa5 {[%emt 0:02:29] [#]} (15... fxe5 $11 {remains equal.} 16. Nxe5+ Nxe5 17. Rxe5 Rf8) 16. a4 (16. g4 $1 $16 Nfe7 17. exf6 gxf6 18. g5) 16... Qc7 {[%emt 0:04:36] [#]} (16... fxe5 $14 17. g4 (17. dxe5 Rf8 $14) (17. Nxe5+ Nxe5 18. Rxe5 Nxd4 $11) 17... Nh6) 17. Qd1 (17. g4 $1 $16 Nfe7 18. exf6 gxf6 19. g5) 17... Rf8 (17... fxe5 $14 {was preferrable.} 18. Nxe5+ Nxe5) 18. g3 (18. g4 $16 Nfe7 19. exf6 gxf6 20. Bg2) 18... Kg8 19. exf6 gxf6 20. Bf4 Qf7 21. Bh3 Ng7 22. Bg2 Ne7 23. Bd6 Re8 24. Nh4 Nef5 25. Nxf5 Nxf5 26. Qg4+ Kh8 27. Bf4 {[%emt 0:02:17] White is much more active. The black rooks are badly placed.} Bd7 28. Qf3 Bc6 29. Bh3 Qg6 30. Qg4 Rad8 31. Qxg6 hxg6 32. a5 Kg7 33. Bg4 Kf7 34. h4 Nd6 35. Bxd6 Rxd6 36. Re3 e5 37. Rae1 (37. dxe5 $11 fxe5 38. Rd1) 37... exd4 ({Better is} 37... e4 $15) 38. cxd4 $11 Rxe3 39. fxe3 $15 {[%emt 0:00:05][%mdl 4096] Endgame KRB-KRB} f5 40. Bf3 Kf6 41. Rb1 Ke6 42. Kf2 a6 43. c3 Bb5 44. g4 b6 $2 (44... fxg4 $16 45. Bxg4+ Ke7) 45. gxf5+ gxf5 46. axb6 Rxb6 47. Kg3 Rb7 48. Kf4 Bc6 49. Rxb7 (49. Rg1 $18) 49... Bxb7 $18 {[%emt 0:00:04] KB-KB} 50. h5 {[%emt 0:00:04][%cal Bh4h5,Bh5h6][%mdl 32] And now h6 would win.} a5 {[%emt 0:00:25] aiming for ...a4.} 51. Bd1 {[%emt 0:00:04] Hoping for Ba4.} Kf6 $2 (51... Bc6 $11) 52. Ba4 Bc8 53. h6 Kg6 54. Ke5 Bb7 55. Bb5 $2 (55. Kd6 Kxh6 56. Kc7) 55... Kxh6 56. Kxf5 Kh5 $2 (56... Ba8 $16 {is a better chance.} 57. Bd7 Kh7) 57. Kf4 $2 ({White has to play} 57. e4 $1 $18 {[%cal Re4e5] e5 would kill now.} dxe4 58. Bxc4) 57... Kg6 $11 58. e4 {[%emt 0:00:29] Black must now prevent exd5.} dxe4 (58... Kf6 $11) 59. Bxc4 $16 {[%emt 0:00:05] Threatens to win with d5.} a4 $2 (59... Kf6 $14) 60. d5 {[%emt 0:00:17] White mates.} e3 61. Kxe3 Kf5 62. Kd4 Kf6 63. Ba2 Ke7 64. Kc5 Kd7 65. c4 Kc7 66. Kb4 Kd6 67. c5+ Ke5 68. Kxa4 {[%emt 0:00:08] Weighted Error Value: White=0.61/Black=0.59} 1-0

[Event "44th Chess Olympiad Women 2022"]
[Site "Chennai"]
[Date "2022.08.05"]
[Round "7.38"]
[White "Milovic, Aleksandra"]
[Black "Mwango, Lorita"]
[Result "1/2-1/2"]
[ECO "D00"]
[WhiteElo "2129"]
[BlackElo "1920"]
[Annotator "TA"]
[PlyCount "95"]
[EventDate "2022.07.29"]
[EventType "team-tourn"]
[EventCountry "IND"]
[SourceTitle "playchess.com"]
[Source "ChessBase"]
[SourceQuality "1"]
[WhiteTeam "Montenegro"]
[BlackTeam "Zambia"]
[WhiteTeamCountry "MNE"]
[BlackTeamCountry "ZAM"]
[TimeControl "40/5400+30:1800+30"]

1. d4 d5 2. Nc3 Nf6 3. Bf4 a6 4. e3 Bf5 5. Nf3 e6 6. Ne5 {[%emt 0:00:08] D00: 1 d4 d5: Unusual lines.} h6 7. g4 Bh7 {[%emt 0:00:30] [#]} 8. a3 $146 {[%emt 0:08:03] White has an edge.} ({Predecessor:} 8. h4 Nfd7 9. Bd3 Nxe5 10. Bxe5 Bxd3 11. Qxd3 Nc6 12. Bg3 Qd7 13. Ne2 h5 14. g5 {0-1 (48) Bluebaum,M (2672)-Goryachkina,A (2592) Chess.com INT 2020}) 8... Nbd7 9. h4 Nxe5 10. Bxe5 Nd7 11. Bd3 Bxd3 12. Qxd3 c5 13. Bg3 Be7 14. O-O-O cxd4 15. Qxd4 Bf6 16. Qb4 Qb6 17. g5 Qxb4 ({Much weaker is} 17... hxg5 18. hxg5 Rxh1 19. Rxh1 Qxb4 20. axb4 Bxg5 21. Rh8+ Nf8 22. Na4 $11) 18. axb4 Be7 ({Of course not} 18... hxg5 19. hxg5 Rxh1 20. Rxh1 Bxg5 21. Rh8+ Nf8 22. Na4 $11) (18... Bxc3 $5 19. bxc3 Rc8 $15) 19. e4 dxe4 20. Nxe4 hxg5 21. hxg5 Rxh1 22. Rxh1 O-O-O (22... Bxb4 $11 {keeps the balance.} 23. Rh8+ Bf8) 23. Bd6 $16 Bf8 {[%emt 0:04:08] [#]} 24. Rh3 $1 {[%emt 0:08:39] And now Rc3+ would win. 0x0.00236412ef82dp-1022s more active pieces.} Nb8 25. Rh8 (25. Bxf8 $18 Rxf8 26. Rh7) 25... Be7 $14 26. Rxd8+ Bxd8 $16 {[%emt 0:00:20][%mdl 4096] Endgame KBN-KBN} 27. Be5 (27. Bf8 $16) 27... Be7 $1 $11 28. Bxg7 {[%emt 0:01:57] White wants to play c3.} Bxb4 29. c3 Be7 30. Kd2 Kd7 31. Kd3 Kc6 32. f4 Nd7 33. b4 Nb6 34. Nd2 Nd5 35. Ke4 Bd6 36. Be5 Bxe5 37. Kxe5 Nxc3 {[%emt 0:00:15] KN-KN} 38. Kf6 Nd5+ 39. Kxf7 Nxf4 {[%emt 0:00:05] [#] Strongly threatening ...Kb5.} 40. Ne4 b6 41. Kf6 (41. Nc3 $11) 41... Kb5 (41... Kd5 $17 42. Nc3+ Kc4) 42. Ke5 {[%emt 0:00:42] The position is equal.} Ng6+ 43. Kxe6 Kxb4 44. Kf5 Nh4+ 45. Kg4 Ng6 {[%emt 0:00:00] aiming for ...a5.} 46. Kf5 Nh4+ 47. Kg4 Ng6 {[%emt 0:00:00] Threatens to win with ...a5.} 48. Kf5 {[%emt 0:00:00] Weighted Error Value: White=0.16 (very precise) /Black=0.15 (very precise)} 1/2-1/2

[Event "44th Chess Olympiad Women 2022"]
[Site "Chennai"]
[Date "2022.08.05"]
[Round "7.38"]
[White "Bwalya Mulwale, Lubuuto"]
[Black "Koljevic, Nikolina"]
[Result "1/2-1/2"]
[ECO "D02"]
[WhiteElo "1751"]
[BlackElo "2014"]
[Annotator "TA"]
[PlyCount "178"]
[EventDate "2022.07.29"]
[EventType "team-tourn"]
[EventCountry "IND"]
[SourceTitle "playchess.com"]
[Source "ChessBase"]
[SourceQuality "1"]
[WhiteTeam "Zambia"]
[BlackTeam "Montenegro"]
[WhiteTeamCountry "ZAM"]
[BlackTeamCountry "MNE"]
[TimeControl "40/5400+30:1800+30"]

1. d4 Nf6 2. Nf3 e6 3. Bf4 d5 4. e3 Bd6 5. Bg3 O-O 6. Bd3 b6 7. Nbd2 Bb7 {[%emt 0:00:58] D02: 1 d4 d5 2 Nf3 sidelines, including 2...Nf6 3 g3 and 2...Nf6 3 Bf4.} 8. c3 c5 9. Qe2 Ne4 10. Bxd6 Qxd6 11. h4 f5 {[%emt 0:03:18][%cal Bf7f5,Bf5e4][%mdl 32] [#]} 12. Ng5 $146 (12. Ne5 $11) ({Predecessor:} 12. Ne5 Nd7 13. Nxd7 Qxd7 14. Nf3 Qe7 15. Rh3 Nf6 16. Ne5 {1-0 (40) Salykin,A (2096)-Sokolov,J (2006) Kokkola 2019}) 12... Nd7 $15 13. Bxe4 (13. Qh5 Ndf6 14. Qe2 Bc6 $15) (13. Ndf3 $11 {keeps the balance.}) 13... fxe4 $17 14. O-O-O cxd4 15. exd4 b5 16. f3 ({Not} 16. Qxb5 $2 Ba6 17. Qa4 Rxf2 $19) 16... b4 17. cxb4 Qxb4 (17... h6 $17 18. fxe4 hxg5 19. hxg5 Kf7) 18. fxe4 $15 Qxd4 (18... Rae8 $15) 19. Nb3 (19. Nxe6 $11 Rfc8+ 20. Kb1) 19... Qf2 (19... Qb6 $17 {And now ...Rf2 would win.} 20. Kb1 h6) 20. Qxf2 (20. Qg4 {is interesting.} Rae8 21. Nxe6 Rf7 22. exd5 Nb6 23. Rd2) 20... Rxf2 21. Rd2 ({Of course not} 21. Nxe6 Rc8+ 22. Kb1 Rcc2 $17) 21... Rxd2 22. Nxd2 Nc5 23. Rh3 (23. e5 $15) 23... h6 $17 24. b4 Na6 ({Weaker is} 24... Nxe4 25. Ngxe4 dxe4 26. a3 $15) (24... Rc8 $17 25. bxc5 Rxc5+ 26. Kb2 hxg5) 25. Nxe6 $11 {[%emt 0:03:44] Black must now prevent Rg3.} Re8 26. Nc5 Nxc5 27. bxc5 dxe4 {[%emt 0:00:09][%mdl 4096] Endgame KRB-KRN} 28. Re3 Re5 29. Nb3 $1 a5 30. Kb2 (30. Rc3 $11) 30... a4 $17 31. Na5 Ba8 32. Ka3 (32. Kc3 $15) 32... Rxc5 33. Kxa4 Rc2 34. g3 Rxa2+ 35. Kb4 Rf2 ({Black should play} 35... Kf7 $1 $17 {Threatens to win with ...Bd5.} 36. Nc4 Ke6) 36. Kc3 {[%emt 0:01:04] [#]} (36. Nc4 $1 $11) 36... Kf7 $1 37. Nb3 (37. Nc4 $17) 37... Ke6 38. Nc5+ (38. Kd4 $17 {was the only defense.}) 38... Kf5 $19 39. Kd4 Rd2+ 40. Kc3 Rd1 41. Kc2 Rd6 42. Kc3 Ke5 43. Nb3 Rc6+ 44. Kd2 Ra6 45. Nc1 Bd5 {[%emt 0:00:00] Hoping for ...Bc4.} 46. Rc3 {[%emt 0:00:00] Inhibits Bc4.} Ra7 (46... Ra4 $17 47. Ne2 Bc4) 47. Ne2 $15 Rf7 48. Nf4 g5 49. hxg5 hxg5 50. Ne2 Rd7 (50... Rf3 $15 {might be stronger.}) 51. Ke3 (51. Rc5 $11 {is more appropriate.}) 51... Kf5 52. Rc5 Kg4 53. Nc3 (53. Ra5 $1 $15) 53... Bb7 $17 {[%emt 0:00:48] ...Rd3+ is the strong threat.} 54. Nxe4 $2 (54. Ke2 $17) 54... Bxe4 $19 55. Kxe4 $17 {[%emt 0:00:11] KR-KR} Re7+ 56. Kd4 Re1 57. Kd3 Rg1 58. Ke2 Rg2+ $2 (58... Rxg3 $19 59. Rc8 Rf3) 59. Kf1 $1 $11 Rxg3 60. Kf2 $2 {[%emt 0:00:07][%mdl 8192] [#]} (60. Rc7 $11) 60... Rf3+ $2 ({Black should try} 60... Kh3 $1 $19 61. Rc7 Rg2+ 62. Kf1 g4 63. Rh7+ Kg3) 61. Kg2 {[%emt 0:00:04] The position is equal.} Rf4 62. Rc3 Rb4 63. Rg3+ Kf4 64. Rf3+ $1 Ke4 65. Rc3 Kf4 66. Rf3+ $1 Ke5 67. Kg3 Rb1 68. Kg2 Rd1 69. Re3+ Kf5 70. Rf3+ Ke4 71. Ra3 Re1 72. Ra5 Kf4 73. Ra4+ Kf5 74. Ra5+ Kg4 75. Ra4+ Kh5 76. Ra8 Re3 77. Ra5 Rb3 78. Rc5 Kh4 79. Rc4+ g4 80. Rc2 {[%emt 0:00:26] Prevents Rb2.} Ra3 81. Rb2 Ra4 82. Rc2 Kg5 83. Rf2 Rb4 84. Kh2 Kh4 {[%emt 0:00:27] ( -> ...g3+)} 85. Kg2 g3 86. Rc2 Kg4 87. Ra2 Rb3 88. Ra4+ Kf5 89. Ra5+ Ke4 {[%emt 0:00:41] Weighted Error Value: White=0.46/Black=0.47} 1/2-1/2

[Event "44th Chess Olympiad Women 2022"]
[Site "Chennai"]
[Date "2022.08.05"]
[Round "7.40"]
[White "Nakabo, Peninah"]
[Black "Shabanaj, Eglantina"]
[Result "1-0"]
[ECO "C05"]
[WhiteElo "1747"]
[BlackElo "1940"]
[Annotator "TA"]
[PlyCount "142"]
[EventDate "2022.07.29"]
[EventType "team-tourn"]
[EventCountry "IND"]
[SourceTitle "playchess.com"]
[Source "ChessBase"]
[SourceQuality "1"]
[WhiteTeam "Uganda"]
[BlackTeam "Albania"]
[WhiteTeamCountry "UGA"]
[BlackTeamCountry "ALB"]
[TimeControl "40/5400+30:1800+30"]

1. e4 e6 2. d4 d5 3. Nd2 Nf6 4. exd5 exd5 5. Ngf3 Bd6 6. Bd3 O-O 7. O-O Bg4 8. c3 c5 9. dxc5 {[%emt 0:00:19] C05: French Tarrasch: 3...Nf6 4 e5 Nfd7, 5 f4 and 5 Bd3 sidelines.} Bxc5 10. Qc2 Nc6 11. Nb3 {[%emt 0:09:55] The position is equal.} Bd6 (11... Bb6 $5 ) 12. Nbd4 Rc8 {[%emt 0:02:52][%cal Oc6b4] [#]} 13. Nxc6 $146 (13. Bg5 $14) ({Predecessor:} 13. a3 Bb8 14. Bf5 {½-½ (14) Varkonyi,M (1627)-Herbst,C (2023) Bad Neustadt/Saale 2008}) 13... bxc6 $11 14. Bf5 Bxf3 15. gxf3 Rb8 16. Kh1 (16. Bg5 $1 $15 {is superior.}) 16... Qc7 (16... Bc7 $1 $17 {Strongly threatening ...Qd6.} 17. Rg1 Qd6) 17. Bg5 {[%emt 0:03:45] Black must now prevent Bxf6.} Bxh2 $2 (17... Be7 $11) 18. Bxf6 $16 gxf6 19. Bxh7+ Kg7 $2 {[%emt 0:05:03][%mdl 8192] [#]} (19... Kh8 $16) 20. Rg1+ $1 $18 Kh6 {[%emt 0:04:46] [#]} (20... Bg3 21. Rxg3+) 21. Rg4 (21. Rg6+ $142 $3 Kxh7 22. Rg4+ f5 23. Qxf5+ Kh6 24. Rh4+ Kg7 25. Qg5#) 21... Rh8 {[%emt 0:04:49] [#]} 22. Rh4+ (22. Rag1 $142 $1 Bxg1 (22... Qf4 23. Qc1) 23. Qc1+ (23. Kxg1 Qe5 $15) 23... Kxh7 24. Qxg1 Rb4 25. cxb4 Qg3 26. Qxg3 Kh6 27. Rh4#) 22... Kg7 23. Rxh2 (23. Qf5 Bf4 $16) 23... Qf4 24. Rg1+ Kf8 25. Rg3 Re8 26. Kg2 Re1 27. Bf5 Rxh2+ 28. Kxh2 Qe5 29. Bd3 {[%emt 0:07:33] Inhibits Re2.} ({White should play} 29. Kg2 $18) 29... Qh5+ $11 30. Rh3 Qe5+ {[%emt 0:00:11][%mdl 8192] White stays focused until the end.} (30... Qg5 $11 {and Black is okay.} 31. Rg3 Qh6+ 32. Rh3 Qg5) 31. Kg2 $18 {[%emt 0:00:30] Threatens to win with Qa4.} Qg5+ 32. Rg3 Qh4 {[%emt 0:00:06][%csl Ge1][%cal Rh4h1] [#]} 33. Bf1 $1 Re5 34. Qb3 Rh5 35. Qb4+ (35. Qa3+ $142 Ke8 36. Rg8+ Kd7 37. Qxa7+ Ke6 38. Re8+ Kf5 39. Bd3+ Kg5 40. Qe3+ Qf4 41. Rg8+ Kh6 42. Qxf4+ Rg5+ 43. Rxg5 fxg5 44. Qxf7 c5 45. Qh7#) 35... Qxb4 36. cxb4 {[%emt 0:00:10][%mdl 4096] Endgame KRB-KR} Re5 37. Rg4 Re1 38. Rd4 Rb1 39. Rd2 Ke7 40. Ba6 Kd6 41. f4 Re1 42. Kf3 Rg1 43. Rc2 Rd1 44. Bb7 Rd3+ 45. Kg4 Rd4 46. Rxc6+ Ke7 47. Rc7+ Kd6 48. Rxf7 Rxb4 49. b3 Ke6 50. Rh7 Rd4 51. Bc8+ Kd6 52. Rxa7 Rd2 53. Kf3 Rc2 54. Bf5 Rc3+ 55. Ke2 Rc6 {[%emt 0:00:00] Prevents Ra6.} 56. Bd3 {[%emt 0:00:00] White wants to mate with Ra6.} Kc5 57. Rb7 Re6+ 58. Kd2 Re8 59. b4+ Kd4 60. a4 {[%emt 0:00:00][%cal Ba2a4,Ba4a5,Ba5a6,Ba6a7][%mdl 32] White mates.} Rc8 61. a5 Rc3 62. Be2 Ra3 63. Rc7 Ke4 64. a6 d4 65. a7 Ra2+ 66. Ke1 Ra1+ 67. Bd1 d3 68. b5 Ra2 69. b6 d2+ 70. Ke2 Kxf4 71. b7 Rxa7 {[%emt 0:07:03] Weighted Error Value: White=0.66/Black=1.37} 1-0